 Dungeon Crawl Stone Soup version 0.25.1-2-g60ff931df9 (webtiles) character file.

Game seed: 1384569253294755876

913 Luthien the Thaumaturge (level 7, 0/36 HPs)
             Began as a Deep Elf Conjurer on Aug 26, 2020.
             Killed by nerve-wracking pain
             ... invoked by an orc priest
              (14 damage)
             ... on level 5 of the Dungeon on Aug 27, 2020.
             The game lasted 00:18:21 (4830 turns).

Luthien the Thaumaturge (Deep Elf Conjurer)         Turns: 4830, Time: 00:18:22

Health: 0/36       AC:  3    Str:  5    XL:     7   Next: 82%
Magic:  12/29      EV: 13    Int: 22    God:
Gold:   174        SH:  0    Dex: 15    Spells: 19/22 levels left

rFire    . . .     SeeInvis +   s - +0 spear
rCold    . . .     Gourm    .   (no shield)
rNeg     . . .     Faith    .   (no armour)
rPois    .         Spirit   .   (no helmet)
rElec    .         Reflect  .   u - +0 cloak
rCorr    .         Harm     .   F - +1 pair of gloves
MR       .....                  (no boots)
Stlth    ++........             (no amulet)
HPRegen  0.12/turn              A - ring of magical power
MPRegen  0.21/turn              q - ring of see invisible

@: no status effects
A: no striking features
a: no special abilities


You were on level 5 of the Dungeon.
You were hungry.

You visited 1 branch of the dungeon, and saw 5 of its levels.
You also visited: Ossuary.

You collected 174 gold pieces.

Inventory:

Hand Weapons
 e - a +0 dagger
 o - a +0 whip
 s - a +0 spear (weapon)
Missiles
 h - 44 sling bullets
 n - 66 arrows
 y - 32 stones (quivered)
Armour
 a - a +0 robe
 f - a +0 leather armour
 u - a +0 cloak (worn)
 F - a +1 pair of gloves (worn)
Jewellery
 i - an uncursed ring of teleportation
 q - a ring of see invisible (right hand)
 t - an uncursed ring of stealth
 A - a ring of magical power (left hand)
Scrolls
 b - 6 scrolls of teleportation
 g - 3 scrolls of remove curse
 j - a scroll of blinking {unknown}
 k - a scroll of enchant armour {unknown}
 m - a scroll of enchant weapon {unknown}
 p - 3 scrolls of magic mapping {unknown}
 x - a scroll of fog {unknown}
 z - a scroll of vulnerability {unknown}
 E - 2 scrolls of identify {unknown}
Potions
 d - a potion of ambrosia {unknown}
 l - a potion of flight {unknown}
 r - a potion of invisibility {unknown}
 v - a potion of degeneration {unknown}
 w - a potion of curing {unknown}
 B - 3 potions of heal wounds {unknown}
 C - 2 potions of haste {unknown}
 D - 2 potions of resistance {unknown}
 G - 2 potions of lignification {unknown}
Comestibles
 c - 8 rations
 H - 2 chunks of flesh


   Skills:
 - Level 3.3 Dodging
 - Level 3.6 Stealth
 + Level 8.4 Spellcasting
 + Level 7.9 Conjurations


You had 19 spell levels left.
You knew the following spells:

 Your Spells              Type           Power        Failure   Level  Hunger
a - Magic Dart            Conj           ####         1%          1    None
b - Searing Ray           Conj           #####.       1%          2    None

Your spell library contained the following spells:

 Spells                   Type           Power        Failure   Level  Hunger
 Dazzling Flash           Conj/Hex       ####..       4%          3    None
 Fulminant Prism          Conj/Hex       ####......   14%         4    ###....
 Iskenderun's Mystic Bla  Conj/Tloc      ####....     14%         4    ###....
 Confusing Touch          Hex            #.......     22%         3    None
 Gell's Gravitas          Tloc           #.........   22%         3    None
 Petrify                  Tmut/Erth      #.......     56%         4    ###....
 Metabolic Englaciation   Hex/Ice        #.........   89%         5    #####..
 Yara's Violent Unravell  Hex/Tmut       #.........   89%         5    #####..


Dungeon Overview and Level Annotations

Branches:
Dungeon (5/15)            Ossuary (visited)
 Temple: D:4-7

Altars:
Gozag
Hepliaklqana
Nemelex Xobeh
Qazlal
Ru
Xom

Portals:
Sewer: D:5

Annotations:
D:2 Sigmund, Terence
D:3 Ijyb


Message History

The orc wizard writhes in agony!
The searing ray hits the orc priest!
You kill the orc priest!
Casting: Searing Ray (safe; 1% risk of failure)
Confirm with . or Enter, or press ? or * to list all spells.
Aiming: Searing Ray (safe; 1% risk of failure)
Press: ? - help, Shift-Dir - straight line, f - orc
Aim: an orc, wielding a +0 short sword and wearing a +0 chain mail The searing ray misses the orc wizard.
The searing ray hits the orc!
You kill the orc! (Press . to maintain the ray.)
The orc priest mumbles some strange prayers to Beogh against you.
The orc wizard struggles to resist.
The searing ray hits the orc wizard!
You kill the orc wizard!
The searing ray misses the orc priest.
You are feeling hungry.
The orc priest calls down the wrath of Beogh upon you.
Pain shoots through your body!
You die...

#...###S##..##.###
#..ooo....††..$...
########..........
#....##.#..
##o#### # ##..#
##)..# ####.).##
##..@..##
####..#.###
#.......# #h
....###.### .. ###
#.# .#
####.####..#
#.......#.#
#...).....#
#...)...####...


You could see an orc priest.

Vanquished Creatures
  3 elf zombies (Ossuary)
  A scorpion (D:5)
  2 orc priests
  3 hounds
  3 orc wizards (D:5)
  Jessica (D:2)
  An iguana (D:4)
  Natasha (thrice) (D:2)
  3 worker ants (D:4)
  A hound zombie (Ossuary)
  4 mummies (Ossuary)
  5 adders
  2 oozes (D:1)
  3 worms
  5 dart slugs
  2 leopard geckos
  12 orcs
  A ball python (D:5)
  10 bats
  3 giant cockroaches
  3 gnoll zombies (Ossuary)
  7 goblins
  4 hobgoblins
  13 jackals
  7 kobolds
  2 quokkas
  4 frilled lizards
  3 goblin zombies
  A hobgoblin zombie (Ossuary)
  A jackal skeleton (D:5)
  2 orc zombies (Ossuary)
  5 rats
  A rat zombie (D:4)
121 creatures vanquished.

Notes
Turn   | Place    | Note
-------+----------+-------------------------------------------
     0 | D:1      | Luthien the Deep Elf Conjurer began the quest for the Orb.
     0 | D:1      | Reached XP level 1. HP: 10/10 MP: 6/6
   175 | D:1      | Reached XP level 2. HP: 15/15 MP: 6/8
   184 | D:1      | Learned a level 2 spell: Searing Ray
   654 | D:1      | Reached XP level 3. HP: 19/19 MP: 8/10
  1251 | D:2      | Noticed Jessica
  1254 | D:2      | Killed Jessica
  1254 | D:2      | Reached XP level 4. HP: 24/24 MP: 7/11
  1277 | D:2      | Noticed Sigmund
  1277 | D:2      | Noticed Terence
  1452 | D:2      | Reached skill level 4 in Spellcasting
  1527 | D:2      | Reached skill level 5 in Conjurations
  1637 | D:2      | Noticed Natasha
  1768 | D:2      | Killed Natasha
  1768 | D:2      | Reached XP level 5. HP: 28/28 MP: 9/14
  1797 | D:2      | Noticed Natasha
  1800 | D:2      | Killed Natasha
  1844 | D:2      | Noticed Natasha
  1848 | D:2      | Killed Natasha
  1848 | D:2      | Reached skill level 5 in Spellcasting
  1874 | D:3      | Noticed Ijyb
  2494 | D:3      | Found a sparkling altar of Nemelex Xobeh.
  2494 | D:3      | Found an opulent altar of Gozag.
  2809 | D:3      | Found a shimmering altar of Xom.
  3120 | D:4      | Reached XP level 6. HP: 32/32 MP: 12/16
  3122 | D:4      | Found a hazy altar of Hepliaklqana.
  3151 | D:4      | Reached skill level 6 in Spellcasting
  3283 | D:4      | Found a sand-covered staircase.
  3292 | Ossuary  | Entered an ossuary
  3543 | Ossuary  | Reached skill level 7 in Spellcasting
  3543 | Ossuary  | Reached XP level 7. HP: 20/36 MP: 1/19
  4160 | D:4      | Found a sacrificial altar of Ru.
  4275 | D:4      | Found a stormy altar of Qazlal.
  4734 | D:5      | Entered Level 5 of the Dungeon
  4779 | D:5      | Reached skill level 8 in Spellcasting
  4814 | D:5      | Found a glowing drain.
  4830 | D:5      | Killed from afar by an orc priest

Illustrated notes

Levels and vault maps discovered:
D:1:      matt_arrival_grand_opening, layout_basic
D:2:      layout_rooms, uniq_sigmund, uniq_natasha, uniq_terence, uniq_jessica,
          uniq_crazy_yiuf_cottage
D:3:      layout_loops_ring, grunt_temple_overflow_opulence, tgw_xom, uniq_ijyb
D:4:      layout_basic, marbit_many_paths, nicolae_ru_the_path_less_chosen,
          overflow_temple_1_default, enter_ossuary_4, first_ration
D:5:      layout_rooms, serial_shops, nicolae_shop_waterfront,
          cheibrodos_sewer_entry_sluice

Skill      XL: |  1  2  3  4  5  6  7 |
---------------+----------------------+-----
Stealth        | 3 |  3.6
Dodging        | 3 |  3.3
Spellcasting   | 4 5 7 8 |  8.4
Conjurations   | 5 6 7 |  7.9

Action                   |  1- 3 |  4- 6 |  7- 9 || total
-------------------------+-------+-------+-------++-------
Melee: Dagger            |    17 |       |       ||    17
       Spear             |       |     5 |     2 ||     7
 Cast: Magic Dart        |    46 |    60 |    10 ||   116
       Searing Ray       |     2 |    32 |    24 ||    58
  Use: Scroll            |       |       |     2 ||     2
  Eat: Chunk             |     1 |     6 |     1 ||     8
       Ration            |       |       |     1 ||     1
Armor: Robe              |     6 |     1 |       ||     7
       Leather armour    |       |     4 |     1 ||     5
       Skin              |       |       |     3 ||     3
Dodge: Dodged            |    25 |    21 |     8 ||    54
